 Dungeon Crawl Stone Soup version 0.20-a0-1122-gb7cbeb9 (webtiles) character file.

111 Monsterracer the Firebug (level 4, -2/24 HPs)
             Began as a Deep Elf Fire Elementalist on May 13, 2017.
             Slain by a phantom (7 damage)
             ... on level 3 of the Dungeon.
             The game lasted 00:05:39 (3274 turns).

Monsterracer the Firebug (DEFE)                     Turns: 3274, Time: 00:05:40

Health: -2/24      AC:  3    Str:  5    XL:     4   Next: 62%
Magic:  1/12       EV: 13    Int: 21    God:
Gold:   242        SH:  0    Dex: 15    Spells: 3/11 levels left

rFire    . . .     SeeInvis .   d - +0 dagger
rCold    . . .     Gourm    .   (no shield)
rNeg     . . .     Faith    .   a - +0 robe
rPois    .         Spirit   .   (no helmet)
rElec    .         Reflect  .   (no cloak)
rCorr    .         Harm     .   (no gloves)
MR       .....                  j - +0 pair of boots
Stlth    ++........             (no amulet)
Regen    0.1/turn               (no ring)
MPRegen  0.2/turn               (no ring)

@: very slightly contaminated, starving
A: no striking features
a: no special abilities


You were on level 3 of the Dungeon.
You were starving.

You visited 1 branch of the dungeon, and saw 4 of its levels.

You collected 242 gold pieces.

Inventory:

Hand Weapons
 d - a +0 dagger (weapon)
Armour
 a - a +0 robe (worn)
 j - a +0 pair of boots (worn)
Jewellery
 s - an uncursed ring of magical power {unknown}
Wands
 k - a wand of polymorph (9/24)
 o - a wand of disintegration (8/24)
Scrolls
 e - a scroll of blinking {unknown}
 g - 2 scrolls of teleportation {unknown}
 h - 2 scrolls of identify {unknown}
 i - 2 scrolls of recharging {unknown}
 l - 2 scrolls of noise {unknown}
 q - 2 scrolls of amnesia {unknown}
Potions
 m - a potion of haste {unknown}
Books
 b - a book of Flames

   Spells                             Type                      Level
   a - Flame Tongue                   Conjuration/Fire             1
   b - Throw Flame                    Conjuration/Fire             2
   c - Conjure Flame                  Conjuration/Fire             3
   d - Inner Flame                    Hexes/Fire                   3
   e - Sticky Flame                   Conjuration/Fire             4
   f - Fireball                       Conjuration/Fire             5
Comestibles
 c - 2 bread rations
 f - 6 meat rations
 p - 3 fruits
 r - a royal jelly


   Skills:
 - Level 2.4 Dodging
 - Level 2.4 Stealth
 + Level 4.0 Spellcasting
 * Level 3.3 Conjurations
 * Level 4.4 Fire Magic


You had 3 spell levels left.
You knew the following spells:

 Your Spells              Type           Power        Failure   Level  Hunger
a - Flame Tongue          Conj/Fire      ###..        2%          1    None
b - Conjure Flame         Conj/Fire      ###.....     8%          3    ###....
c - Sticky Flame          Conj/Fire      ###.....     24%         4    ####...


Dungeon Overview and Level Annotations

Branches:
Dungeon (4/15)
 Temple: D:4-7

Altars:
Trog


Message History

Casting: Sticky Flame
Confirm with . or Enter, or press ? or * to list all spells.
Aiming: Sticky Flame
Press: ? - help, Shift-Dir - straight line, f/p - phantom
Aim: a phantom (lightly damaged)
You miscast Sticky Flame.
You are very lightly contaminated with residual magic.
The air around you crackles with energy!
You are starving!
The phantom hits you! The phantom hits you.
* * * LOW HITPOINT WARNING * * *
You see here a scale mail.
The phantom blinks!
You see here a scale mail.
There is a stone staircase leading up, spattered with blood here.
The phantom blinks!
There is a stone staircase leading up, spattered with blood here.
The phantom hits you!
You die...

# #.#########..#...#........####.
###....# ##.############......
.#####.# #.# #####..
.#####.#######.# ####
.....W.......#.###############...
#.####...###................<....
#.# ###...###..##############...
#.# ###....#..# ##.. #.###
####.##@##############.# #...#
#.##....# ##............#
#..........# ......#########
#..........# ..###....###
#.........(# #...####...#######
#..........# ###.....##.#.....#
#^.........#


You could see a phantom.

Vanquished Creatures
  6 adders
  An ooze (D:3)
  A worm (D:3)
  2 leopard geckos
  2 orcs
  3 bats
  A giant cockroach (D:3)
  6 goblins
  9 hobgoblins
  3 jackals (D:1)
  A ball python (D:2)
  A frilled lizard (D:1)
  3 kobolds
  9 rats
48 creatures vanquished.

Notes
Turn   | Place    | Note
-------+----------+-------------------------------------------
     0 | D:1      | Monsterracer the Deep Elf Fire Elementalist began the quest for the Orb.
     0 | D:1      | Reached XP level 1. HP: 10/10 MP: 6/6
   337 | D:1      | Reached XP level 2. HP: 15/15 MP: 5/8
  1176 | D:2      | Reached XP level 3. HP: 19/19 MP: 4/9
  1181 | D:2      | Learned a level 3 spell: Conjure Flame
  2097 | D:3      | Reached XP level 4. HP: 24/24 MP: 6/11
  2141 | D:2      | Learned a level 4 spell: Sticky Flame
  2693 | D:3      | Found a bloodstained altar of Trog.
  3105 | D:4      | Noticed a phantom
  3274 | D:3      | Slain by a phantom

Vault maps used:
D:1:      noname_arrival_rooms_in_the_neighbourhood
D:3:      bloody_trog
D:4:      minmay_temple_entry_fiery, first_bread, uniq_duvessa, uniq_pikel

Skill      XL: |  1  2  3  4 |
---------------+-------------+-----
Conjurations   | 2 3 |  3.3
Fire Magic     | 4 |  4.4
Spellcasting   | 4 |  4.0
Dodging        | |  2.4
Stealth        | |  2.4

Action                   |  1- 3 |  4- 6 || total
-------------------------+-------+-------++-------
Melee: Dagger            |    11 |     1 ||    12
 Cast: Flame Tongue      |    55 |    29 ||    84
       Sticky Flame      |       |     6 ||     6
       Conjure Flame     |       |     1 ||     1
  Use: Potion            |     2 |     4 ||     6
 Stab: Sleeping          |     3 |     1 ||     4
  Eat: Chunk             |     2 |     4 ||     6
Armor: Robe              |     7 |     1 ||     8
Dodge: Dodged            |    21 |     8 ||    29
